 Dungeon Crawl Stone Soup version 0.18-a0-1521-g59d19af (webtiles) character file.

191 FrancescoMac the Ducker (level 5, 0/41 HPs)
             Began as a Demonspawn Gladiator on Mar 7, 2016.
             Succumbed to a gnoll's poison
             ... on level 2 of the Dungeon.
             The game lasted 00:12:46 (3093 turns).

FrancescoMac the Ducker (Demonspawn Gladiator)      Turns: 3093, Time: 00:12:46

Health: 0/41       AC:  7    Str: 16    XL:     5   Next: 42%
Magic:  5/5        EV: 13    Int: 10    God:
Gold:   127        SH:  0    Dex: 15    Spells: 0 memorised, 4 levels left

rFire  . . .     SeeInvis .     t - +2 quarterstaff (chaos)
rCold  . . .     Gourm    .     b - +0 leather armour
rNeg   . . .     Faith    .     (shield currently unavailable)
rPois  .         Spirit   .     c - +0 helmet
rElec  .         Dismiss  .     u - +1 cloak
rCorr  .         Reflect  .     (no gloves)
SustAt .         Harm     .     (no boots)
MR     .....                    (no amulet)
Stlth  +.........               (no ring)
                                (no ring)

@: lethally poisoned (0 -> -3), not resistant to hostile enchantments, very
unstealthy
A: molten scales 1, agile 1, spiny 1
a: no special abilities


You were on level 2 of the Dungeon.
You were not hungry.

You visited 1 branch of the dungeon, and saw 3 of its levels.

You collected 127 gold pieces.

Inventory:

Hand Weapons
 a - a +0 quarterstaff
 s - a +0 mace
 t - a +2 quarterstaff of chaos (weapon)
Missiles
 d - 3 throwing nets (quivered)
Armour
 b - a +0 leather armour (worn)
 c - a +0 helmet (worn)
 u - a +1 cloak (worn)
Wands
 n - a wand of slowing (10/48)
Scrolls
 e - 4 scrolls of remove curse
 j - a scroll of identify
 l - a scroll of enchant armour
Comestibles
 f - 2 bread rations
 g - a slice of pizza
 k - 13 chunks of flesh
 q - a meat ration
 r - a fruit


   Skills:
 + Level 3.5 Fighting
 + Level 3.9 Staves
 - Level 1.7 Throwing
 + Level 4.0 Dodging


You had 4 spell levels left.
You didn't know any spells.

Dungeon Overview and Level Annotations

Branches:
Dungeon (3/15)

Altars:
Dithmenos
Makhleb
The Shining One


Innate Abilities, Weirdness & Mutations

You are partially covered in molten scales (AC +1).
You are partially covered in sharp spines.
You are agile. (Dex +2)


Message History

You feel sick.
A hobgoblin comes into view. It is wielding a club.
There is a stone staircase leading down here.
You are too injured to fight recklessly!
You are too injured to fight recklessly!
You are too injured to fight recklessly!
You are too injured to fight recklessly!
You are too injured to fight recklessly!
The hobgoblin shouts! x2
You hit the hobgoblin but do no damage.
* * * LOW HITPOINT WARNING * * *
You feel sick. The hobgoblin misses you.
You hit the hobgoblin but do no damage. The hobgoblin is struck by your spines.
You kill the hobgoblin!
* * * LOW HITPOINT WARNING * * *
You feel sick.
You aren't carrying any potions.
Read which item? (? for menu, Esc to quit)
Okay, then.
You die...

#..####.#....# #.#
#..# #.###########.#
#..####.# #.......#.#
#.....#.#
#.#####.#.##########
#.###.#.###.#
##.#...........
#........<#.#
#..............
#####.#÷#.#.#
#..############
#.#...#.####g[########
#.#...#..@..>........#
#.#.....#####'########
#.#...#.# #.......#
#.#.#.#.# #.......#
### #.#.#.#.#
#.......# #§§
#.#.#.#.# #.......#
#§§ #.#.#.#.#
###.##### #§§
#.#.#.#.# ##.########
### #.#.#.#.#
#.........#


You could see a hobgoblin.

Vanquished Creatures
  Crazy Yiuf (D:2)
  Jessica (D:2)
  2 gnolls (D:3)
  2 adders
  2 worms (D:2)
  2 dart slugs (D:1)
  2 giant geckos (D:1)
  5 orcs (D:3)
  11 bats
  4 giant cockroaches
  10 goblins
  11 hobgoblins
  3 jackals (D:2)
  A quokka (D:3)
  3 ball pythons
  7 giant newts
  6 kobolds
  11 rats
84 creatures vanquished.

Notes
Turn   | Place    | Note
--------------------------------------------------------------
     0 | D:1      | FrancescoMac the Demonspawn Gladiator began the quest for the Orb.
     0 | D:1      | Reached XP level 1. HP: 16/16 MP: 1/1
   414 | D:1      | Gained mutation: You are partially covered in molten scales (AC +1). [demonic ancestry]
   414 | D:1      | Reached XP level 2. HP: 20/23 MP: 2/2
   417 | D:1      | Reached skill level 3 in Dodging
   938 | D:1      | Reached XP level 3. HP: 19/28 MP: 3/3
  1739 | D:2      | Noticed Jessica
  1746 | D:2      | Killed Jessica
  1746 | D:2      | Reached XP level 4. HP: 26/35 MP: 4/4
  2021 | D:2      | Found a burning altar of Makhleb.
  2031 | D:2      | Noticed a balrug
  2183 | D:2      | Found a glowing golden altar of the Shining One.
  2394 | D:2      | Noticed Crazy Yiuf
  2410 | D:2      | Killed Crazy Yiuf
  2410 | D:2      | Gained mutation: You are partially covered in sharp spines. [demonic ancestry]
  2410 | D:2      | Reached XP level 5. HP: 4/41 MP: 0/5
  2809 | D:2      | Gained mutation: You are agile. (Dex +2) [potion of beneficial mutation]
  2935 | D:3      | Found a shadowy altar of Dithmenos.
  3071 | D:3      | Reached skill level 4 in Dodging
  3088 | D:2      | HP: 2/41 [poisoned by a gnoll]
  3093 | D:2      | Succumbed to a gnoll's poison

Vault maps used:
D:1:      scummos_arrival_star, minmay_close_crescents
D:2:      marbit_many_paths, makhleb_altar_promises_db, nrook_mini_backslash,
          uniq_jessica, uniq_crazy_yiuf_cottage
D:3:      fedhas_altar_3, nicolae_dithmenos_shadow_blocks,
          kennysheep_generic_room_8

Skill      XL: |  1  2  3  4  5 |
---------------+----------------+-----
Dodging        | 3 4 |  4.0
Staves         | 3 |  3.9
Fighting       | 3 |  3.5
Throwing       | |  1.7

Action                   |  1- 3 |  4- 6 || total
-------------------------+-------+-------++-------
Melee: Quarterstaff      |   132 |    85 ||   217
Evoke: Wand              |       |     1 ||     1
  Use: Scroll            |     2 |     7 ||     9
       Potion            |     1 |     4 ||     5
  Eat: Chunk             |     3 |     3 ||     6
       Fruit             |       |     1 ||     1
